 Dungeon Crawl Stone Soup version 0.16.1-14-g82efdee (webtiles) character file.

515 karvarausku the Slinger (level 7, -5/44 HPs)
             Began as a Halfling Hunter on Apr 13, 2015.
             Killed from afar by an orc wizard (13 damage)
             ... with a puff of flame
             ... on level 4 of the Dungeon.
             The game lasted 00:12:51 (3537 turns).

karvarausku the Slinger (Halfling Hunter)           Turns: 3537, Time: 00:12:51

Health: -5/44      AC:  6    Str: 12    XL:     7   Next: 44%
Magic:  7/7        EV: 15    Int: 10    God:
Gold:   139        SH:  0    Dex: 17    Spells: 0 memorised, 6 levels left

rFire  x . .     SeeInvis .     q - -2 hunting sling (curse)
rCold  + . .     Clarity  .     m - +0 leather armour
rNeg   . . .     SustAb   .     (no shield)
rPois  .         Gourm    .     A - +0 helmet (curse)
rElec  .         Spirit   .     g - +1 cloak
rCorr  .         Warding  .     (no gloves)
rMut   .         Stasis   .     (no boots)
MR     .....                    u - amulet of faith (curse)
Stlth  ++........               (no ring)
                                h - ring of ice (curse)

@: not resistant to hostile enchantments, unstealthy
A: mutation resistance 1
a: no special abilities


You were on level 4 of the Dungeon.
You were hungry.

You visited 1 branch of the dungeon, and saw 4 of its levels.

You collected 139 gold pieces.

Inventory:

Hand weapons
 a - a +0 short sword
 b - a +2 hunting sling
 q - a cursed -2 hunting sling (weapon)
Missiles
 e - 136 stones (quivered)
Armour
 d - a +0 leather armour
 g - a +1 cloak (worn)
 m - a +0 leather armour (worn)
 A - a cursed +0 helmet (worn)
Jewellery
 h - a cursed ring of ice (left hand)
 u - a cursed amulet of faith (around neck)
 y - an uncursed amulet of the gourmand
Magical devices
 s - a wand of enslavement (24)
Scrolls
 k - a scroll of teleportation
 v - a scroll of identify
 z - a scroll of recharging
 B - a scroll of fear
 C - 3 scrolls of magic mapping {unknown}
Potions
 i - a potion of might {unknown}
 j - 3 potions of restore abilities {unknown}
 l - 2 potions of agility {unknown}
 n - 3 potions of brilliance {unknown}
 o - a potion of magic {unknown}
 p - a potion of ambrosia {unknown}
 w - 2 potions of invisibility {unknown}
Comestibles
 c - 3 fruits
 f - 2 bread rations
 r - a beef jerky
 t - a chunk of flesh
 x - a meat ration


   Skills:
 - Level 1.7 Fighting
 + Level 3.5 Short Blades
 + Level 10.4 Slings
 + Level 3.3 Dodging
 + Level 2.1 Stealth


You had 6 spell levels left.
You didn't know any spells.

Dungeon Overview and Level Annotations

Branches:
Dungeon (4/15)
 Temple: D:4-7

Altars:
Dithmenos
Trog
Vehumet

Annotations:
D:4 Dowan, Duvessa


Innate Abilities, Weirdness & Mutations

You are small and have problems with some larger weapons.
You are somewhat resistant to further mutation.


Message History

Aim: an orc priest, wielding a hand axe and wearing a ring mail You shoot a stone.
The stone hits the orc priest.
The orc priest is heavily wounded.
Something barely misses you.
The orc priest hits you with a hand axe.
* * * LOW HITPOINT WARNING * * *
Firing (i - inventory):
e - 138 stones (quivered)
Press: ? - help, Shift-Dir - straight line, f/p - orc priest
Aim: an orc priest, wielding a hand axe and wearing a ring mail (heavily wounded)
You shoot a stone. The stone hits the orc priest.
The orc priest is severely wounded.
Something hits you but does no damage.
Firing (i - inventory):
e - 137 stones (quivered)
Press: ? - help, Shift-Dir - straight line, f/p - orc priest
Aim: an orc priest, wielding a hand axe and wearing a ring mail (severely wounded)
You shoot a stone. The stone barely misses the orc priest.
You hear some strange, mumbled words.
A puff of flame appears from out of thin air!
The puff of flame hits you! The fire burns you terribly!
You die...

##### #.... ....# #...# .#
....# #...# .# ....# #...#
.# ....# #####...###.#####
....####....)..#.......(
.....#.#...#...#....((.(
####.#.#...#...#.........
.....#.....#...#@{(((...(
......)..........o>......
....##)#...##.##..(.....
##..##)#...##.########## #
#.##.#.......# ########### #
#..#.#.......###.........#
###..#.####.........######.#
..........#.........# #...#
###.......#.........# #.###


You could see an orc priest.

Vanquished Creatures
  Menkaure (D:4)
  Sigmund (D:2)
  Blork the orc (D:4)
  A worker ant (D:4)
  Ijyb (D:2)
  Terence (D:2)
  Robin (D:2)
  5 adders
  4 giant mites
  A worm (D:2)
  2 giant geckos (D:2)
  2 oozes
  9 orcs
  19 goblins
  11 hobgoblins
  9 jackals
  9 kobolds
  A quokka (D:4)
  A ball python (D:1)
  5 bats
  5 giant cockroaches
  2 giant newts
  21 rats
113 creatures vanquished.

Notes
Turn   | Place    | Note
--------------------------------------------------------------
     0 | D:1      | karvarausku, the Halfling Hunter, began the quest for the Orb.
     0 | D:1      | Reached XP level 1. HP: 14/14 MP: 1/1
     4 | D:1      | Reached skill level 6 in Slings
     6 | D:1      | Reached XP level 2. HP: 19/19 MP: 2/2
    68 | D:1      | Reached skill level 7 in Slings
    68 | D:1      | Reached XP level 3. HP: 13/24 MP: 3/3
   613 | D:2      | Noticed Sigmund
   624 | D:2      | Killed Sigmund
   624 | D:2      | Reached skill level 8 in Slings
   624 | D:2      | Reached XP level 4. HP: 10/29 MP: 4/4
   624 | D:2      | Reached XP level 5. HP: 11/34 MP: 5/5
   753 | D:2      | Found a bloodstained altar of Trog.
   753 | D:2      | Noticed Ijyb
   783 | D:2      | Killed Ijyb
   783 | D:2      | Reached skill level 9 in Slings
  1047 | D:2      | Noticed Terence
  1060 | D:2      | Killed Terence
  1072 | D:2      | Reached XP level 6. HP: 33/39 MP: 6/6
  1122 | D:2      | Noticed Robin
  1127 | D:2      | Reached skill level 1 in Short Blades
  1280 | D:2      | Killed Robin
  1596 | D:2      | Found a shadowy altar of Dithmenos.
  2196 | D:3      | Found a radiant altar of Vehumet.
  2702 | D:4      | Noticed Blork the orc
  2709 | D:4      | Killed Blork the orc
  2709 | D:4      | Reached skill level 10 in Slings
  2757 | D:4      | Reached XP level 7. HP: 16/44 MP: 7/7
  2794 | D:4      | Noticed Menkaure
  2800 | D:4      | Killed Menkaure
  2889 | D:4      | Noticed Duvessa
  2901 | D:4      | Noticed Dowan
  3537 | D:4      | Killed from afar by an orc wizard

Action                   |  1- 3 |  4- 6 |  7- 9 || total
-------------------------+-------+-------+-------++-------
Melee: Short sword       |    33 |    21 |       ||    54
 Fire: Hunting sling     |    65 |   284 |   100 ||   449
  Use: Scroll            |       |     3 |     4 ||     7
  Eat: Chunk             |       |     4 |     2 ||     6
       Fruit             |       |       |     1 ||     1
